 Dungeon Crawl Stone Soup version 0.31.0-9-g3a7656b989 (webtiles) character file.

Game seed: 4960887811504949858

150584 qw the Acrobat (level 16, -1/104 HPs)
             Began as a Deep Elf Hunter on Feb 2, 2024.
             Was a High Priest of Okawaru.
             Hit by a silver javelin thrown by a merfolk javelineer (4 damage)
             ... on level 1 of the Shoals.
             The game lasted 00:03:57 (26090 turns).

qw the Acrobat (Deep Elf Hunter)                   Turns: 26090, Time: 00:03:57

Health: -1/104     AC: 23    Str: 16    XL:     16   Next: 99%
Magic:  25/25      EV: 35    Int: 17    God:    Okawaru [*****.]
Gold:   286        SH:  0    Dex: 27    Spells: 15/15 levels left

rFire   + . .        s - +0 longbow "Fotos" {heavy, rF+ Str+4 Dex+2}
rCold   + . .        (shield currently unavailable)
rNeg    . . .        k - +5 ring mail
rPois   .            h - +2 helmet
rElec   +            p - +1 cloak of Starlight {*Dazzle EV+4 Stlth--}
rCorr   .            D - +1 pair of gloves
SInv    +            c - +2 pair of boots
Will    +....        y - amulet of faith Stlth
                     w - ring "Mothaez" {rElec rC+ SInv}
HPRegen 0.37/turn    E - ring of the Solstice {Fly Dex+5}
MPRegen 0.19/turn

%: faith
@: about to teleport, flying
A: no striking features
a: Renounce Religion, Heroism, Finesse, Duel


You were on level 1 of the Shoals.
You worshipped Okawaru.
Okawaru was extremely pleased with you.
You visited 6 branches of the dungeon, and saw 27 of its levels.
You also visited: Ossuary.

You collected 2913 gold pieces.
You spent 2627 gold pieces at shops.


   Skills:
 - Level 13.0 Fighting
 - Level 20.0 Ranged Weapons
 - Level 9.1 Armour
 + Level 21.8 Dodging
 - Level 1.2 Stealth
 - Level 10.0 Invocations


You had 15 spell levels left.
You didn't know any spells.
Your spell library was empty.

Inventory:

Hand Weapons
 s - the +0 longbow "Fotos" (weapon) {heavy, rF+ Str+4 Dex+2}
   (Okawaru gifted it to you on level 4 of the Lair of Beasts)

   Str+4:     It affects your strength (+4).
   Dex+2:     It affects your dexterity (+2).
   rF+:       It protects you from fire.
Armour
 c - a +2 pair of boots (worn)
 h - a +2 helmet (worn)
 k - a +5 ring mail (worn)
 n - a +1 ring mail of fire resistance
 p - the +1 cloak of Starlight (worn) {*Dazzle EV+4 Stlth--}
   (Okawaru gifted it to you on level 4 of the Lair of Beasts)

   *Dazzle:   It may blind those who miss an attack against the wearer in melee
   combat.
   EV+4:      It affects your evasion (+4).
   Stlth--:   It makes you much less stealthy.
 r - a +0 pair of gloves of infusion
 C - +0 fire dragon scales
 D - a +1 pair of gloves (worn)
Jewellery
 u - an amulet of regeneration
 w - the ring "Mothaez" (left hand) {rElec rC+ SInv}
   (You bought it in a shop on level 2 of the Orcish Mines)

   [ring of protection from cold]

   rC+:       It protects you from cold.
   rElec:     It insulates you from electricity.
   SInv:      It lets you see invisible.
 y - an amulet of faith (around neck)
 A - a +4 ring of protection
 E - the ring of the Solstice (right hand) {Fly Dex+5}
   (You bought it in a shop on level 2 of the Orcish Mines)

   [ring of flight]

   Dex+5:     It affects your dexterity (+5).
   Fly:       It grants you flight.
 Y - a ring of poison resistance
Wands
 b - a wand of polymorph (12)
 e - a wand of mindburst (8)
 j - a wand of iceblast (14)
Scrolls
 f - 8 scrolls of teleportation
 g - a scroll of brand weapon
 v - 7 scrolls of identify
 z - 2 scrolls of enchant weapon
Potions
 a - 2 potions of magic
 d - 4 potions of haste
 i - 3 potions of heal wounds
 l - 15 potions of curing
 m - 4 potions of might
 o - 3 potions of enlightenment
 q - 2 potions of cancellation
 B - 5 potions of mutation

Dungeon Overview and Level Annotations

Branches:
Dungeon (15/15)            Temple (1/1) D:4            Lair (5/5) D:9
 Shoals (1/4) Lair:2        Snake (3/4) Lair:2        Slime (0/5) Lair:4
    Orc (2/2) D:9             Elf (0/3) Orc:2        Vaults (0/5) D:14
 Depths (0/4) D:15        Ossuary (visited)

Altars:
Ashenzari
Cheibriados
Dithmenos
Elyvilon
Fedhas
Gozag
Hepliaklqana
Kikubaaqudgha
Makhleb
Nemelex Xobeh
Okawaru
Qazlal
Ru
Sif Muna
Trog
Uskayaw
Vehumet
Wu Jian
Xom
Yredelemnul
Zin
The Shining One
Jiyva

Shops:
D:8 *   Orc:2 [!=?:   Shoals:1 [

Annotations:
D:6 1 runed translucent door, qw's ghost, novice DjHu
D:13 2 transporters, Dittersdorf's ghost, journeyman MiBe; Xyoprad's ghost, journeyman FoFi
Lair:2 3 runed translucent doors, qw's ghost, journeyman SpHu
Lair:3 exclusion: basilisk
Lair:4 3 runed translucent doors, qw's ghost, journeyman GrHu


Message History

The merfolk javelineer throws a javelin.
The javelin pierces through you!
The merfolk javelineer throws a silver javelin.
The silver javelin completely misses you.
The silver javelin pierces through the plant!!
The silver javelin pierces through the plant!
The merfolk javelineer throws a javelin.
The javelin completely misses you.
You shoot an arrow. The arrow hits the merfolk javelineer!!
The merfolk javelineer is moderately wounded.
The merfolk javelineer throws a silver javelin.
The silver javelin pierces through you!
The silver javelin pierces through the plant!! x2
The merfolk javelineer throws a javelin.
The javelin pierces through you!!
You shoot an arrow.
The arrow hits the merfolk javelineer!!!
You kill the merfolk javelineer!
Okawaru accepts your kill.
You hear a splash. x3
A nearby plant withers and dies. x2
The merfolk javelineer throws a silver javelin.
The silver javelin completely misses you.
A manticore comes into view.
You shoot an arrow. The arrow hits the merfolk javelineer!
The merfolk javelineer is lightly wounded.
The merfolk javelineer throws a silver javelin.
The silver javelin completely misses you.
The manticore flicks its tail.
The volley of spikes misses you.
The merfolk javelineer throws a silver javelin.
The silver javelin pierces through you!
26090 ||| READING 9 scrolls of teleportation.
As you read the scroll of teleportation, it crumbles to dust.
You feel strangely unstable.
The manticore flicks its tail.
The volley of spikes misses you.
The merfolk javelineer throws a silver javelin.
The silver javelin pierces through you!
You die...

~~~~~~#######~~~P~~~~~~~~#
~~~~### 8###~.~~~~~~~~#
~~~## ~~~##.~~~~~~~~# ~~##
m~~##PP~~~~~~# ~~# #~~
#PP~~~~~~# ~.# #~~
#P~~~~~~~# ..# #~~
#~~~~~~~~# .##
#m~##~~~~~~~~# .#
#~~'@~~~~~~~~# ###
#~~##~~~~~~~~# ..# #~~
#~~~~~~~~# ..# #~~
#~~~~~~~~# ..# #~~
#~~~~~~~~# ..##
m~~##H~~~~~~~# ...##
~m~##~~~~~~~~~# ....###
~###..~~~~~~~~#
..\...#########...~~~~~~~#


You could see a merfolk javelineer and a manticore.

Vanquished Creatures
  Vashnia (Snake:3)
  Jorgrun (Orc:1)
  Gastronok (Lair:3)
  Donald (Snake:2)
  A nagaraja (Snake:1)
  Louise (Snake:3)
  An ironbound thunderhulk (D:14)
  Snorg (Lair:3)
  A merfolk javelineer (Shoals:1)
  7 hydras
  A rakshasa (D:15)
  2 salamander tyrants
  A vault guard (D:14)
  2 ogre magi (Orc:2)
  A boulder beetle (Lair:2)
  9 anacondas
  3 catoblepae (Lair:5)
  An alligator snapping turtle (Shoals:1)
  3 centaur warriors
  2 merfolk aquamancers (Shoals:1)
  7 naga warriors
  2 two-headed ogres
  A deep troll earth mage (D:15)
  10 naga sharpshooters
  8 death yaks
  3 tengu warriors
  12 shock serpents
  Nergalle (D:10)
  A skyshark (Shoals:1)
  3 salamander mystics
  5 sea snakes
  7 mana vipers
  3 naga ritualists (Snake:1)
  Pikel (D:6)
  A necromancer (Lair:4)
  A deep elf pyromancer (D:14)
  9 manticores
  9 salamanders
  6 cyclopes
  An oklob plant (Lair:4)
  23 ugly things
  10 orc sorcerers
  Maurice (D:8)
  18 elephants
  A merfolk siren (Shoals:1)
  25 black mambas
  8 naga magi
  4 kobold blastminers
  5 guardian serpents (Snake:1)
  A meliai (D:15)
  2 water nymphs (Shoals:1)
  11 cane toads
  Jeremiah (D:7)
  4 freezing wraiths
  A kobold demonologist (D:10)
  7 komodo dragons
  An unseen horror (D:8)
  An efreet (D:15)
  2 rime drakes (Lair:3)
  2 tengu conjurers
  A troll (shapeshifter) (D:15)
  A merfolk (Shoals:1)
  2 wind drakes (Shoals:1)
  3 hornets (D:9)
  4 trolls
  A wolf spider simulacrum (D:15)
  2 polar bears (D:11)
  10 blink frogs
  A snapping turtle (Shoals:1)
  7 dream sheep
  2 centaur simulacra (D:14)
  10 slime creatures
  2 shadows
  47 yaks
  2 vampires
  3 wraiths
  4 wyverns
  Eustachio (D:8)
  2 water elementals (Shoals:1)
  A human (D:14)
  Grum (D:8)
  8 basilisks
  3 steam dragons
  2 wargs (Orc:2)
  12 vampire mosquitoes
  38 nagas
  14 water moccasins
  2 black bears (D:6)
  11 orc warriors
  2 ice beasts (D:11)
  2 elephant zombies (Lair:4)
  12 ogres
  16 wolves
  A phantom (D:5)
  14 centaurs
  3 lemures (D:6)
  2 kobold brigands
  3 scorpions (D:6)
  8 bullfrogs
  A gnoll sergeant (D:9)
  8 wights
  2 troll zombies (D:9)
  6 killer bees (D:9)
  5 electric eels
  3 howler monkeys
  7 orc priests
  2 basilisk zombies (Lair:4)
  3 hounds
  3 jellies
  A sleepcap (D:4)
  3 iguanas
  29 orc wizards
  6 hell rats (Lair:4)
  6 ogre zombies (D:9)
  7 gnolls
  4 adders
  3 white imps
  2 ufetubi (D:11)
  A ribbon worm (D:2)
  5 dart slugs
  52 orcs
  6 ball pythons
  11 endoplasms
  6 giant cockroaches
  2 gnoll zombies (D:9)
  16 goblins
  7 hobgoblins
  8 jackals
  15 kobolds
  5 quokkas
  3 bats (D:1)
  5 frilled lizards (D:1)
  8 gnoll skeletons
  3 goblin skeletons (Ossuary)
  3 goblin zombies (Ossuary)
  2 hobgoblin skeletons (Ossuary)
  A kobold skeleton (Ossuary)
  6 kobold zombies (Ossuary)
  2 orc skeletons (D:9)
  19 orc zombies
  10 rats
  3 rat skeletons (Ossuary)
  3 rat zombies (Ossuary)
823 creatures vanquished.

Vanquished Creatures (others)
  An anaconda (Snake:3)
  A naga (Snake:2)
  An orc wizard (Orc:2)
3 creatures vanquished.

Grand Total: 826 creatures vanquished

Notes
Turn   | Place    | Note
-------+----------+-------------------------------------------
     0 | D:1      | qw the Deep Elf Hunter began the quest for the Orb.
     0 | D:1      | Reached XP level 1. HP: 12/12 MP: 3/3
     0 | D:1      | 0 ||| qw: Version: 0.3-a-155-g5e7d8dd
     0 | D:1      | 0 ||| qw: Game counter: 1375
     0 | D:1      | 0 ||| qw: Melee chars always use a shield: true
     0 | D:1      | 0 ||| qw: God list: Okawaru
     0 | D:1      | 0 ||| qw: Allow faded altars: false
     0 | D:1      | 0 ||| qw: Do Orc after clearing Dungeon:15 true
     0 | D:1      | 0 ||| qw: Do second Lair branch before Depths: true
     0 | D:1      | 0 ||| qw: Lair rune preference: random
     0 | D:1      | 0 ||| qw: Goals: Normal
     0 | D:1      | 0 ||| PLANNING D:1-11
    65 | D:1      | Reached XP level 2. HP: 16/16 MP: 4/4
    67 | D:1      | Reached skill level 6 in Ranged Weapons
   329 | D:1      | Reached XP level 3. HP: 20/20 MP: 5/5
   622 | D:1      | 622 ||| UPGRADING to +0 ring mail.
   632 | D:1      | 632 ||| DROPPING +0 leather armour.
   633 | D:1      | 633 ||| UPGRADING to +0 helmet.
   638 | D:1      | 638 ||| UPGRADING to ring of see invisible.
   639 | D:1      | 639 ||| READING 6 scrolls labelled NAADIU XEDGH.
   639 | D:1      | 639 ||| IDENTIFYING scroll labelled DAMPEATTYX
   640 | D:1      | 640 ||| READING 5 scrolls of identify.
   640 | D:1      | 640 ||| IDENTIFYING scroll labelled XUHYONN VOUSHRU
   641 | D:1      | 641 ||| READING scroll of enchant armour.
   641 | D:1      | 641 ||| ENCHANTING +0 helmet.
   642 | D:1      | 642 ||| DROPPING scroll of butterflies.
   812 | D:2      | Reached XP level 4. HP: 17/25 MP: 6/6
   812 | D:2      | 812 ||| FLEEEEING.
   813 | D:2      | 813 ||| FLEEEEING.
   814 | D:2      | 814 ||| FLEEEEING.
   815 | D:2      | 815 ||| FLEEEEING.
   816 | D:2      | 816 ||| FLEEEEING.
   820 | D:2      | 820 ||| FLEEEEING.
   821 | D:2      | 821 ||| FLEEEEING.
   822 | D:2      | 822 ||| FLEEEEING.
   823 | D:2      | 823 ||| FLEEEEING.
   824 | D:2      | 824 ||| FLEEEEING.
   825 | D:2      | 825 ||| FLEEEEING.
   826 | D:2      | 826 ||| FLEEEEING.
   827 | D:2      | 827 ||| FLEEEEING.
   828 | D:2      | 828 ||| FLEEEEING.
   829 | D:2      | 829 ||| FLEEEEING.
   830 | D:2      | 830 ||| FLEEEEING.
   831 | D:2      | 831 ||| FLEEEEING.
   832 | D:2      | 832 ||| FLEEEEING.
   833 | D:2      | 833 ||| FLEEEEING.
   834 | D:2      | 834 ||| FLEEEEING.
   835 | D:2      | 835 ||| FLEEEEING.
   836 | D:2      | 836 ||| FLEEEEING.
   837 | D:2      | 837 ||| FLEEEEING.
   838 | D:2      | 838 ||| FLEEEEING.
   839 | D:2      | 839 ||| FLEEEEING.
   840 | D:2      | 840 ||| FLEEEEING.
   841 | D:2      | 841 ||| FLEEEEING.
   842 | D:2      | 842 ||| FLEEEEING.
   843 | D:2      | 843 ||| FLEEEEING.
  1472 | D:2      | 1472 ||| READING 4 scrolls of identify.
  1472 | D:2      | 1472 ||| IDENTIFYING white potion
  1473 | D:2      | 1473 ||| READING 3 scrolls of identify.
  1473 | D:2      | 1473 ||| IDENTIFYING fuming black potion
  1474 | D:2      | 1474 ||| READING 2 scrolls of identify.
  1474 | D:2      | 1474 ||| IDENTIFYING murky ruby potion
  1475 | D:2      | 1475 ||| READING scroll of identify.
  1475 | D:2      | 1475 ||| IDENTIFYING scroll labelled XIPOKL XYSOBRE
  1476 | D:2      | 1476 ||| READING scroll of brand weapon.
  1476 | D:2      | 1476 ||| BRANDING +0 shortbow.
  1477 | D:2      | 1477 ||| READING 2 scrolls labelled GUDDU AKLI.
  1478 | D:2      | 1478 ||| READING scroll labelled OWYDUCRYHA.
  1479 | D:2      | 1479 ||| DROPPING scroll of fog.
  1480 | D:2      | 1480 ||| DROPPING potion of ambrosia.
  1686 | D:3      | Reached XP level 5. HP: 29/29 MP: 7/7
  1873 | D:3      | Reached skill level 9 in Ranged Weapons
  2173 | D:3      | 2173 ||| UPGRADING to +0 cloak.
  2178 | D:3      | 2178 ||| UPGRADING to +4 ring mail.
  2188 | D:3      | 2188 ||| DROPPING +0 ring mail.
  2189 | D:3      | 2189 ||| READING scroll labelled NUGUTTAQUA.
  2190 | D:3      | 2190 ||| READING scroll labelled LYRGHO UCHIOKK.
  2227 | D:4      | 2227 ||| STAIRDANCE
  2232 | D:4      | 2232 ||| STAIRDANCE
  2263 | D:4      | 2263 ||| STAIRDANCE
  2275 | D:4      | 2275 ||| STAIRDANCE
  2300 | D:4      | Found a staircase to the Ecumenical Temple.
  2301 | D:4      | 2301 ||| PLANNING TEMPLE
  2315 | Temple   | Entered the Ecumenical Temple
  2316 | Temple   | 2316 ||| PLANNING OKAWARU WORSHIP
  2324 | Temple   | Became a worshipper of Warmaster Okawaru
  2325 | Temple   | 2325 ||| PLANNING D:1-11
  2381 | D:4      | Reached skill level 1 in Armour
  2381 | D:4      | Reached XP level 6. HP: 35/35 MP: 8/8
  2998 | D:4      | 2998 ||| UPGRADING to +0 pair of boots.
  3003 | D:4      | 3003 ||| UPGRADING to +6 ring of strength.
  3004 | D:4      | 3004 ||| READING scroll labelled ITTYQ UDATIPODA.
  3044 | D:5      | Entered Level 5 of the Dungeon
  3057 | D:5      | Reached skill level 3 in Dodging
  3069 | D:5      | 3069 ||| FLEEEEING.
  3070 | D:5      | 3070 ||| FLEEEEING.
  3554 | D:5      | 3554 ||| READING 2 scrolls of identify.
  3554 | D:5      | 3554 ||| IDENTIFYING bubbling green potion
  3555 | D:5      | 3555 ||| READING scroll of identify.
  3555 | D:5      | 3555 ||| IDENTIFYING ruby potion
  3556 | D:5      | 3556 ||| DRINKING potion of experience.
  3556 | D:5      | Reached skill level 18 in Ranged Weapons
  3556 | D:5      | Reached XP level 7. HP: 40/40 MP: 9/9
  3557 | D:5      | 3557 ||| READING scroll labelled TAQ ZOASKEY.
  3658 | D:5      | 3658 ||| READING scroll labelled PUSHRI BELUUSKURE.
  3658 | D:5      | Identified a scroll of acquirement
  3658 | D:5      | 3658 ||| ACQUIRING +3 orcbow of flaming
  3658 | D:5      | Acquired a +3 orcbow of flaming
  3660 | D:5      | 3660 ||| SWAPPING to +3 orcbow of flaming.
  3661 | D:5      | 3661 ||| DROPPING +0 shortbow of electrocution.
  3662 | D:5      | 3662 ||| READING scroll labelled LOFOHOOBLYN.
  3662 | D:5      | 3662 ||| ENCHANTING +3 orcbow of flaming.
  3663 | D:5      | 3663 ||| DRINKING 2 lumpy silvery potions.
  3678 | D:6      | 3678 ||| PLANNING OSSUARY
  3722 | D:6      | Reached skill level 4 in Dodging
  3747 | D:6      | Reached XP level 8. HP: 44/44 MP: 10/10
  3844 | D:6      | Reached * piety under Okawaru
  3941 | D:6      | Noticed qw's ghost (novice DjHu)
  4005 | D:6      | Found a runed translucent door.
  4064 | D:6      | Noticed Pikel
  4065 | D:6      | 4065 ||| RETREEEEATING.
  4066 | D:6      | 4066 ||| INVOKING Heroism.
  4080 | D:6      | 4080 ||| DRINKING potion of haste.
  4092 | D:6      | Killed Pikel
  4093 | D:6      | Reached skill level 3 in Fighting
  4132 | D:6      | Reached ** piety under Okawaru
  4157 | D:6      | Found a sand-covered staircase.
  4163 | Ossuary  | Entered an ossuary
  4428 | D:6      | 4428 ||| PLANNING D:1-11
  4522 | D:6      | Reached XP level 9. HP: 51/51 MP: 13/13
  4602 | D:6      | 4602 ||| DROPPING wand of flame (22).
  4638 | D:7      | Noticed Jeremiah
  4641 | D:7      | Reached skill level 3 in Invocations
  4643 | D:7      | 4643 ||| INVOKING Heroism.
  4664 | D:7      | 4664 ||| FLEEEEING.
  4675 | D:7      | 4675 ||| INVOKING Heroism.
  4680 | D:7      | HP: 9/44 [Jeremiah/divine providence (16)]
  4681 | D:7      | 4681 ||| READING 5 scrolls of teleportation.
  4682 | D:7      | 4682 ||| DRINKING 2 potions of heal wounds.
  4814 | D:7      | 4814 ||| READING scroll of brand weapon.
  4814 | D:7      | 4814 ||| BRANDING +4 orcbow of flaming.
  4881 | D:7      | 4881 ||| Stepping ~*~*~tactically~*~*~ (cloud).
  4890 | D:7      | Reached skill level 5 in Dodging
  5097 | D:7      | 5097 ||| INVOKING Heroism.
  5123 | D:7      | 5123 ||| INVOKING Heroism.
  5125 | D:7      | Killed Jeremiah
  5519 | D:7      | Reached skill level 6 in Dodging
  5787 | D:7      | 5787 ||| READING scroll of identify.
  5787 | D:7      | 5787 ||| IDENTIFYING murky clear potion
  5788 | D:7      | 5788 ||| DRINKING 2 coppery potions.
  5789 | D:7      | 5789 ||| FLEEEEING.
  5790 | D:7      | 5790 ||| FLEEEEING.
  5791 | D:7      | 5791 ||| FLEEEEING.
  5892 | D:7      | 5892 ||| DROPPING potion of berserk rage.
  5929 | D:8      | Noticed Eustachio
  5930 | D:8      | 5930 ||| RETREEEEATING.
  5931 | D:8      | 5931 ||| RETREEEEATING.
  5932 | D:8      | 5932 ||| RETREEEEATING.
  5941 | D:8      | HP: 8/51 [orc warrior/+0 long sword (6)]
  5942 | D:8      | 5942 ||| READING 4 scrolls of teleportation.
  5942 | D:8      | HP: 3/51 [orc warrior/+0 long sword (5)]
  5943 | D:8      | 5943 ||| DRINKING potion of heal wounds.
  6140 | D:8      | Killed Eustachio
  6265 | D:8      | 6265 ||| RETREEEEATING.
  6266 | D:8      | 6266 ||| RETREEEEATING.
  6267 | D:8      | 6267 ||| RETREEEEATING.
  6268 | D:8      | 6268 ||| RETREEEEATING.
  6338 | D:8      | Noticed Maurice
  6339 | D:8      | 6339 ||| INVOKING Heroism.
  6350 | D:8      | Killed Maurice
  6350 | D:8      | Reached *** piety under Okawaru
  6441 | D:8      | Found Boankexu's Assorted Antiques.
  6444 | D:8      | Noticed Grum
  6447 | D:8      | 6447 ||| RETREEEEATING.
  6449 | D:8      | 6449 ||| RETREEEEATING.
  6452 | D:8      | Killed Grum
  6453 | D:8      | Reached skill level 7 in Dodging
  6453 | D:8      | Reached XP level 10. HP: 56/56 MP: 15/15
  6459 | D:8      | 6459 ||| RETREEEEATING.
  6555 | D:8      | 6555 ||| BUYING gilded ring (175 gold).
  6555 | D:8      | Bought a gilded ring for 175 gold pieces
  6555 | D:8      | 6555 ||| BUYING inky potion (31 gold).
  6555 | D:8      | Bought an inky potion for 31 gold pieces
  6555 | D:8      | 6555 ||| BUYING metallic yellow potion (31 gold).
  6555 | D:8      | Bought a metallic yellow potion for 31 gold pieces
  6555 | D:8      | 6555 ||| SHOPLISTING potion of magic (280 gold, have 160).
  6555 | D:8      | 6555 ||| BUYING scroll of identify (70 gold).
  6555 | D:8      | Bought a scroll of identify for 70 gold pieces
  6597 | D:8      | Reached **** piety under Okawaru
  6810 | D:8      | 6810 ||| UPGRADING to +2 cloak.
  6820 | D:8      | 6820 ||| DROPPING +0 cloak.
  6821 | D:8      | 6821 ||| UPGRADING to ring of willpower.
  6823 | D:8      | 6823 ||| READING 2 scrolls of identify.
  6823 | D:8      | 6823 ||| IDENTIFYING red potion
  6824 | D:8      | 6824 ||| READING scroll of identify.
  6824 | D:8      | 6824 ||| IDENTIFYING 2 metallic yellow potions
  6825 | D:8      | 6825 ||| DRINKING 2 inky potions.
  6826 | D:8      | 6826 ||| DROPPING 2 potions of lignification.
  6827 | D:8      | 6827 ||| DROPPING potion of brilliance.
  6880 | D:9      | Paralysed by a hornet for 1 turns
  6882 | D:9      | 6882 ||| INVOKING Finesse.
  6887 | D:9      | Reached skill level 3 in Armour
  6952 | D:9      | Found a staircase to the Orcish Mines.
  7064 | D:9      | Found an ornate altar of the Wu Jian Council.
  7091 | D:9      | 7091 ||| READING scroll of enchant armour.
  7091 | D:9      | 7091 ||| ENCHANTING +1 helmet.
  7098 | D:9      | Found a broken altar of Ashenzari.
  7117 | D:9      | Noticed a two-headed ogre
  7118 | D:9      | 7118 ||| INVOKING Finesse.
  7121 | D:9      | Killed a two-headed ogre
  7122 | D:9      | Reached skill level 8 in Dodging
  7148 | D:9      | Reached skill level 6 in Invocations
  7228 | D:9      | Found a staircase to the Lair.
  7252 | D:9      | 7252 ||| READING scroll of enchant armour.
  7252 | D:9      | 7252 ||| ENCHANTING +0 pair of boots.
  7252 | D:9      | Noticed a death yak
  7253 | D:9      | 7253 ||| INVOKING Finesse.
  7267 | D:9      | Killed a death yak
  7268 | D:9      | Reached XP level 11. HP: 46/64 MP: 12/18
  7340 | D:9      | Found a hide-covered altar of Uskayaw.
  7445 | D:9      | Paralysed by a hornet for 3 turns
  7449 | D:9      | 7449 ||| INVOKING Finesse.
  7453 | D:9      | Reached skill level 6 in Fighting
  7954 | D:9      | 7954 ||| PLANNING LAIR
  8008 | Lair:1   | Entered Level 1 of the Lair of Beasts
  8011 | Lair:1   | 8011 ||| STAIRDANCE
  8308 | Lair:1   | 8308 ||| READING scroll of enchant weapon.
  8308 | Lair:1   | 8308 ||| ENCHANTING +4 orcbow of electrocution.
  8403 | Lair:1   | Reached skill level 9 in Dodging
  8414 | Lair:1   | Reached ***** piety under Okawaru
  8706 | Lair:1   | 8706 ||| READING scroll of enchant weapon.
  8706 | Lair:1   | 8706 ||| ENCHANTING +5 orcbow of electrocution.
  8794 | Lair:1   | 8794 ||| RETREEEEATING.
  8795 | Lair:1   | 8795 ||| RETREEEEATING.
  8796 | Lair:1   | 8796 ||| RETREEEEATING.
  8797 | Lair:1   | 8797 ||| RETREEEEATING.
  8798 | Lair:1   | 8798 ||| RETREEEEATING.
  8799 | Lair:1   | 8799 ||| RETREEEEATING.
  8800 | Lair:1   | 8800 ||| RETREEEEATING.
  8801 | Lair:1   | 8801 ||| RETREEEEATING.
  8802 | Lair:1   | 8802 ||| RETREEEEATING.
  8803 | Lair:1   | 8803 ||| RETREEEEATING.
  8804 | Lair:1   | 8804 ||| RETREEEEATING.
  8892 | Lair:1   | HP: 16/66 [poisoned by a cane toad]
  9163 | Lair:2   | 9163 ||| PLANNING GAUNTLET
  9163 | Lair:2   | 9163 ||| STAIRDANCE
  9171 | Lair:1   | Received a gift from Okawaru
  9278 | Lair:2   | 9278 ||| RETREEEEATING.
  9280 | Lair:2   | Reached skill level 9 in Invocations
  9281 | Lair:2   | 9281 ||| RETREEEEATING.
  9285 | Lair:2   | 9285 ||| INVOKING Finesse.
  9291 | Lair:2   | 9291 ||| RETREEEEATING.
  9292 | Lair:2   | 9292 ||| RETREEEEATING.
  9325 | Lair:2   | Noticed a boulder beetle
  9359 | Lair:2   | Killed a boulder beetle
  9360 | Lair:2   | Reached skill level 10 in Dodging
  9360 | Lair:2   | Reached XP level 12. HP: 62/72 MP: 21/21
  9494 | Lair:2   | 9494 ||| RETREEEEATING.
  9496 | Lair:2   | 9496 ||| RETREEEEATING.
  9497 | Lair:2   | 9497 ||| RETREEEEATING.
  9499 | Lair:2   | 9499 ||| RETREEEEATING.
  9568 | Lair:2   | Found a runed translucent gate.
  9568 | Lair:2   | Found a runed translucent gate.
  9568 | Lair:2   | Found a runed translucent gate.
  9571 | Lair:2   | Noticed a ten-headed hydra
  9571 | Lair:2   | Noticed a 13-headed hydra
  9571 | Lair:2   | Noticed qw's ghost (journeyman SpHu)
  9584 | Lair:2   | Noticed a seven-headed hydra
  9588 | Lair:2   | 9588 ||| INVOKING Finesse.
  9600 | Lair:2   | Killed a seven-headed hydra
  9716 | Lair:2   | 9716 ||| RIP GAUNTLET
  9753 | Lair:2   | 9753 ||| PLANNING LAIR
 10004 | Lair:2   | 10004 ||| READING scroll of enchant weapon.
 10004 | Lair:2   | 10004 ||| ENCHANTING +6 orcbow of electrocution.
 10131 | Lair:2   | Found a staircase to the Shoals.
 10160 | Lair:2   | Received a gift from Okawaru
 10308 | Lair:2   | Found a staircase to the Snake Pit.
 10546 | Lair:2   | 10546 ||| READING scroll of identify.
 10546 | Lair:2   | 10546 ||| IDENTIFYING glowing blue potion
 10547 | Lair:2   | 10547 ||| DROPPING potion of attraction.
 10569 | Lair:3   | Noticed Gastronok
 10570 | Lair:3   | 10570 ||| INVOKING Finesse.
 10581 | Lair:3   | Killed Gastronok
 10584 | Lair:3   | Reached skill level 11 in Dodging
 10776 | Lair:3   | 10776 ||| RETREEEEATING.
 10778 | Lair:3   | 10778 ||| RETREEEEATING.
 10779 | Lair:3   | 10779 ||| RETREEEEATING.
 10780 | Lair:3   | 10780 ||| RETREEEEATING.
 10795 | Lair:3   | Noticed Snorg
 10796 | Lair:3   | 10796 ||| INVOKING Finesse.
 10805 | Lair:3   | Killed Snorg
 10886 | Lair:3   | Reached skill level 9 in Fighting
 10888 | Lair:3   | 10888 ||| RETREEEEATING.
 10907 | Lair:3   | Received a gift from Okawaru
 11052 | Lair:3   | 11052 ||| INVOKING Finesse.
 11067 | Lair:3   | Reached skill level 12 in Dodging
 11185 | Lair:3   | Reached XP level 13. HP: 43/80 MP: 22/22
 12089 | Lair:4   | Received a gift from Okawaru
 12103 | Lair:4   | 12103 ||| RETREEEEATING.
 12104 | Lair:4   | 12104 ||| RETREEEEATING.
 12105 | Lair:4   | 12105 ||| RETREEEEATING.
 12106 | Lair:4   | 12106 ||| RETREEEEATING.
 12107 | Lair:4   | 12107 ||| RETREEEEATING.
 12111 | Lair:4   | Reached ****** piety under Okawaru
 12112 | Lair:4   | Reached skill level 13 in Dodging
 12136 | Lair:4   | 12136 ||| INVOKING Receive Weapon.
 12136 | Lair:4   | 12136 ||| ACQUIRING +0 longbow "Fotos" {heavy, rF+ Str+4
                  | Dex+2}
 12136 | Lair:4   | Acquired the +0 longbow "Fotos" {heavy, rF+ Str+4 Dex+2}
 12136 | Lair:4   | Received a gift from Okawaru
 12137 | Lair:4   | 12137 ||| INVOKING Receive Armour.
 12137 | Lair:4   | 12137 ||| ACQUIRING +1 cloak of Starlight {*Dazzle EV+4
                  | Stlth--}
 12137 | Lair:4   | Acquired the +1 cloak of Starlight {*Dazzle EV+4 Stlth--}
 12137 | Lair:4   | Received a gift from Okawaru
 12137 | Lair:4   | Found the +1 cloak of Starlight {*Dazzle EV+4 Stlth--}
 12139 | Lair:4   | 12139 ||| SWAPPING to +0 longbow "Fotos" {heavy, rF+ Str+4
                  | Dex+2}.
 12140 | Lair:4   | 12140 ||| DROPPING +7 orcbow of electrocution.
 12455 | Lair:4   | Noticed qw's ghost (journeyman GrHu)
 12458 | Lair:4   | Noticed a minotaur
 12540 | Lair:4   | Found a runed translucent gate.
 12540 | Lair:4   | Found a runed translucent gate.
 12540 | Lair:4   | Found a runed translucent gate.
 12556 | Lair:4   | 12556 ||| RETREEEEATING.
 12557 | Lair:4   | 12557 ||| RETREEEEATING.
 12558 | Lair:4   | 12558 ||| RETREEEEATING.
 12560 | Lair:4   | 12560 ||| RETREEEEATING.
 12561 | Lair:4   | 12561 ||| RETREEEEATING.
 12562 | Lair:4   | 12562 ||| RETREEEEATING.
 12563 | Lair:4   | 12563 ||| RETREEEEATING.
 12784 | Lair:4   | Found a viscous altar of Jiyva.
 12784 | Lair:4   | Found a staircase to the Slime Pits.
 13055 | Lair:4   | 13055 ||| UPGRADING to +1 cloak of Starlight {*Dazzle EV+4
                  | Stlth--}.
 13065 | Lair:4   | 13065 ||| DROPPING +2 cloak.
 13083 | Lair:5   | Entered Level 5 of the Lair of Beasts
 13110 | Lair:5   | 13110 ||| RETREEEEATING.
 13244 | Lair:5   | 13244 ||| Stepping ~*~*~tactically~*~*~ (cloud).
 13250 | Lair:5   | 13250 ||| Stepping ~*~*~tactically~*~*~ (cloud).
 13337 | Lair:5   | 13337 ||| RETREEEEATING.
 13338 | Lair:5   | 13338 ||| RETREEEEATING.
 13339 | Lair:5   | 13339 ||| RETREEEEATING.
 13340 | Lair:5   | 13340 ||| RETREEEEATING.
 13341 | Lair:5   | 13341 ||| RETREEEEATING.
 13342 | Lair:5   | 13342 ||| RETREEEEATING.
 13343 | Lair:5   | 13343 ||| RETREEEEATING.
 13344 | Lair:5   | 13344 ||| RETREEEEATING.
 13345 | Lair:5   | 13345 ||| RETREEEEATING.
 13354 | Lair:5   | 13354 ||| RETREEEEATING.
 13355 | Lair:5   | 13355 ||| RETREEEEATING.
 13356 | Lair:5   | 13356 ||| RETREEEEATING.
 13357 | Lair:5   | 13357 ||| RETREEEEATING.
 13360 | Lair:5   | 13360 ||| RETREEEEATING.
 13362 | Lair:5   | 13362 ||| RETREEEEATING.
 13363 | Lair:5   | 13363 ||| RETREEEEATING.
 13364 | Lair:5   | 13364 ||| RETREEEEATING.
 13365 | Lair:5   | 13365 ||| RETREEEEATING.
 13366 | Lair:5   | 13366 ||| RETREEEEATING.
 13367 | Lair:5   | 13367 ||| RETREEEEATING.
 13368 | Lair:5   | 13368 ||| RETREEEEATING.
 13369 | Lair:5   | 13369 ||| RETREEEEATING.
 13370 | Lair:5   | 13370 ||| RETREEEEATING.
 13371 | Lair:5   | 13371 ||| RETREEEEATING.
 13372 | Lair:5   | 13372 ||| RETREEEEATING.
 13373 | Lair:5   | 13373 ||| RETREEEEATING.
 13374 | Lair:5   | 13374 ||| RETREEEEATING.
 13375 | Lair:5   | 13375 ||| RETREEEEATING.
 13376 | Lair:5   | 13376 ||| RETREEEEATING.
 13377 | Lair:5   | 13377 ||| RETREEEEATING.
 13378 | Lair:5   | 13378 ||| RETREEEEATING.
 13379 | Lair:5   | 13379 ||| INVOKING Finesse.
 13382 | Lair:5   | 13382 ||| RETREEEEATING.
 13395 | Lair:5   | 13395 ||| RETREEEEATING.
 13396 | Lair:5   | 13396 ||| RETREEEEATING.
 13397 | Lair:5   | 13397 ||| RETREEEEATING.
 13398 | Lair:5   | 13398 ||| RETREEEEATING.
 13414 | Lair:5   | Received a gift from Okawaru
 13459 | Lair:5   | 13459 ||| RETREEEEATING.
 13460 | Lair:5   | 13460 ||| RETREEEEATING.
 13464 | Lair:5   | 13464 ||| RETREEEEATING.
 13465 | Lair:5   | 13465 ||| RETREEEEATING.
 13466 | Lair:5   | 13466 ||| RETREEEEATING.
 13467 | Lair:5   | 13467 ||| RETREEEEATING.
 13468 | Lair:5   | 13468 ||| RETREEEEATING.
 13469 | Lair:5   | 13469 ||| RETREEEEATING.
 13472 | Lair:5   | 13472 ||| RETREEEEATING.
 13594 | Lair:5   | 13594 ||| RETREEEEATING.
 13595 | Lair:5   | 13595 ||| RETREEEEATING.
 13596 | Lair:5   | 13596 ||| RETREEEEATING.
 13597 | Lair:5   | 13597 ||| RETREEEEATING.
 13605 | Lair:5   | Reached skill level 14 in Dodging
 13836 | Lair:5   | Received a gift from Okawaru
 14004 | Lair:5   | 14004 ||| INVOKING Finesse.
 14015 | Lair:5   | Reached XP level 14. HP: 88/88 MP: 18/23
 14171 | Lair:5   | 14171 ||| PLANNING D:1-11
 14171 | Lair:5   | 14171 ||| UPGRADING to amulet of regeneration.
 14176 | Lair:5   | 14176 ||| READING scroll of identify.
 14176 | Lair:5   | 14176 ||| IDENTIFYING 2 grey potions
 14177 | Lair:5   | 14177 ||| READING scroll labelled ORUILETEAB.
 14305 | D:10     | Entered Level 10 of the Dungeon
 14393 | D:10     | Noticed Nergalle
 14395 | D:10     | Killed Nergalle
 14430 | D:10     | 14430 ||| READING scroll of enchant armour.
 14430 | D:10     | 14430 ||| ENCHANTING +1 pair of boots.
 14535 | D:10     | Received a gift from Okawaru
 14668 | D:10     | Identified the +1 scale mail of Youthful Indiscretion
                  | {+Blink +Inv rC++ Stlth-}
 14774 | D:10     | 14774 ||| READING scroll of enchant armour.
 14774 | D:10     | 14774 ||| ENCHANTING +4 ring mail.
 14823 | D:10     | 14823 ||| DROPPING +1 scale mail of Youthful Indiscretion
                  | {+Blink +Inv rC++ Stlth-}.
 14824 | D:10     | 14824 ||| READING 4 scrolls of identify.
 14824 | D:10     | 14824 ||| IDENTIFYING fizzy sapphire potion
 14825 | D:10     | 14825 ||| READING 3 scrolls of identify.
 14825 | D:10     | 14825 ||| IDENTIFYING scroll labelled JIARYH TUIPS
 14826 | D:10     | 14826 ||| DROPPING potion of degeneration.
 14827 | D:10     | 14827 ||| DROPPING scroll of poison.
 14976 | D:11     | Reached skill level 15 in Dodging
 15078 | D:11     | Identified the +1 hand axe of Waneuck {drain, rF+ rC+
                  | Str+6}
 15242 | D:11     | 15242 ||| RETREEEEATING.
 15243 | D:11     | 15243 ||| RETREEEEATING.
 15244 | D:11     | 15244 ||| RETREEEEATING.
 15245 | D:11     | 15245 ||| RETREEEEATING.
 15246 | D:11     | 15246 ||| RETREEEEATING.
 15248 | D:11     | 15248 ||| RETREEEEATING.
 15249 | D:11     | 15249 ||| RETREEEEATING.
 15250 | D:11     | 15250 ||| RETREEEEATING.
 15515 | D:11     | 15515 ||| PLANNING D
 15515 | D:11     | 15515 ||| UPGRADING to +4 ring of protection.
 15684 | D:12     | Reached skill level 6 in Armour
 16363 | D:12     | 16363 ||| UPGRADING to amulet of faith.
 16373 | D:12     | 16373 ||| UPGRADING to ring of poison resistance.
 16375 | D:12     | 16375 ||| READING 4 scrolls of identify.
 16375 | D:12     | 16375 ||| IDENTIFYING 2 scrolls labelled SACOM HEUFUY
 16376 | D:12     | 16376 ||| DROPPING 2 scrolls of immolation.
 16436 | D:13     | Received a gift from Okawaru
 16462 | D:13     | Reached skill level 16 in Dodging
 16472 | D:13     | Noticed Dittersdorf's ghost (journeyman MiBe)
 16474 | D:13     | Noticed Xyoprad's ghost (journeyman FoFi)
 16698 | D:13     | Found a transporter.
 16733 | D:13     | Found a transporter.
 16902 | D:13     | You fall into a shaft and drop 1 floor!
 16919 | D:14     | 16919 ||| RETREEEEATING.
 16921 | D:14     | 16921 ||| RETREEEEATING.
 16922 | D:14     | 16922 ||| RETREEEEATING.
 16923 | D:14     | 16923 ||| RETREEEEATING.
 16924 | D:14     | 16924 ||| RETREEEEATING.
 16925 | D:14     | 16925 ||| INVOKING Finesse.
 16932 | D:14     | 16932 ||| INVOKING Heroism.
 16959 | D:14     | Received a gift from Okawaru
 17115 | D:13     | Found a shimmering blue altar of Sif Muna.
 17561 | D:14     | 17561 ||| RETREEEEATING.
 17562 | D:14     | 17562 ||| RETREEEEATING.
 17567 | D:14     | Received a gift from Okawaru
 17570 | D:14     | Noticed an ironbound thunderhulk
 17571 | D:14     | 17571 ||| INVOKING Finesse.
 17572 | D:14     | 17572 ||| ZAPPING wand of acid (11) at -3,0 (ironbound
                  | thunderhulk; floor).
 17573 | D:14     | 17573 ||| ZAPPING wand of acid (10) at -2,-1 (ironbound
                  | thunderhulk; floor).
 17574 | D:14     | 17574 ||| ZAPPING wand of acid (9) at -2,-1 (ironbound
                  | thunderhulk; floor).
 17575 | D:14     | 17575 ||| ZAPPING wand of acid (8) at -2,-1 (ironbound
                  | thunderhulk; floor).
 17576 | D:14     | 17576 ||| ZAPPING wand of acid (7) at -2,-1 (ironbound
                  | thunderhulk; floor).
 17577 | D:14     | 17577 ||| ZAPPING wand of acid (6) at -2,-1 (ironbound
                  | thunderhulk; floor).
 17578 | D:14     | 17578 ||| ZAPPING wand of acid (5) at -2,-1 (ironbound
                  | thunderhulk; floor).
 17579 | D:14     | 17579 ||| ZAPPING wand of acid (4) at -2,-1 (ironbound
                  | thunderhulk; floor).
 17579 | D:14     | Killed an ironbound thunderhulk
 17582 | D:14     | Reached skill level 17 in Dodging
 17679 | D:14     | Found a gate to the Vaults.
 17783 | D:14     | 17783 ||| READING 5 scrolls of identify.
 17783 | D:14     | 17783 ||| IDENTIFYING glowing pink potion
 17809 | D:15     | Entered Level 15 of the Dungeon
 17846 | D:15     | 17846 ||| RETREEEEATING.
 17847 | D:15     | 17847 ||| RETREEEEATING.
 17848 | D:15     | 17848 ||| RETREEEEATING.
 17849 | D:15     | 17849 ||| RETREEEEATING.
 17850 | D:15     | 17850 ||| RETREEEEATING.
 17854 | D:15     | 17854 ||| RETREEEEATING.
 17855 | D:15     | 17855 ||| RETREEEEATING.
 17856 | D:15     | 17856 ||| RETREEEEATING.
 17857 | D:15     | 17857 ||| RETREEEEATING.
 17858 | D:15     | 17858 ||| RETREEEEATING.
 17859 | D:15     | 17859 ||| RETREEEEATING.
 17860 | D:15     | 17860 ||| RETREEEEATING.
 17861 | D:15     | 17861 ||| RETREEEEATING.
 17862 | D:15     | 17862 ||| RETREEEEATING.
 17863 | D:15     | 17863 ||| RETREEEEATING.
 17890 | D:15     | 17890 ||| RETREEEEATING.
 17891 | D:15     | 17891 ||| RETREEEEATING.
 17892 | D:15     | 17892 ||| RETREEEEATING.
 17893 | D:15     | 17893 ||| RETREEEEATING.
 17894 | D:15     | 17894 ||| RETREEEEATING.
 17895 | D:15     | 17895 ||| RETREEEEATING.
 17912 | D:15     | Received a gift from Okawaru
 18076 | D:15     | Reached XP level 15. HP: 94/94 MP: 24/24
 18627 | D:15     | 18627 ||| RETREEEEATING.
 18628 | D:15     | 18628 ||| RETREEEEATING.
 18629 | D:15     | 18629 ||| RETREEEEATING.
 18634 | D:15     | 18634 ||| RETREEEEATING.
 18635 | D:15     | 18635 ||| RETREEEEATING.
 18636 | D:15     | 18636 ||| RETREEEEATING.
 18640 | D:15     | 18640 ||| INVOKING Finesse.
 18668 | D:15     | Received a gift from Okawaru
 18713 | D:15     | Found a staircase to the Depths.
 18841 | D:15     | 18841 ||| PLANNING ORC
 18841 | D:15     | 18841 ||| DROPPING +2 leather armour of fire resistance.
 18842 | D:15     | 18842 ||| UPGRADING to +0 pair of gloves.
 18847 | D:15     | 18847 ||| READING scroll of enchant armour.
 18847 | D:15     | 18847 ||| ENCHANTING +0 pair of gloves.
 18983 | Orc:1    | Entered Level 1 of the Orcish Mines
 19036 | Orc:1    | Noticed Jorgrun
 19037 | Orc:1    | 19037 ||| INVOKING Finesse.
 19043 | Orc:1    | 19043 ||| DRINKING 3 potions of cancellation.
 19045 | Orc:1    | Killed Jorgrun
 19046 | Orc:1    | Reached skill level 18 in Dodging
 19546 | Orc:2    | Entered Level 2 of the Orcish Mines
 19546 | Orc:2    | Found a staircase to the Elven Halls.
 19760 | Orc:2    | Found Onlocril's Vocational Training.
 20014 | Orc:2    | Found an ancient bone altar of Kikubaaqudgha.
 20021 | Orc:2    | Paralysed by an orc sorcerer for 5 turns
 20093 | Orc:2    | Found Nedeshra's Jewellery Emporium.
 20103 | Orc:2    | Received a gift from Okawaru
 20111 | Orc:2    | 20111 ||| BUYING ring "Mothaez" {rElec rC+ SInv} (604
                  | gold).
 20111 | Orc:2    | Bought the ring "Mothaez" {rElec rC+ SInv} for 604 gold
                  | pieces
 20111 | Orc:2    | 20111 ||| BUYING ring of poison resistance (280 gold).
 20111 | Orc:2    | Bought a ring of poison resistance for 280 gold pieces
 20111 | Orc:2    | 20111 ||| BUYING ring of the Solstice {Fly Dex+5} (490
                  | gold).
 20111 | Orc:2    | Bought the ring of the Solstice {Fly Dex+5} for 490 gold
                  | pieces
 20116 | Orc:2    | Found a radiant altar of Vehumet.
 20136 | Orc:2    | Found Ili Xeppinink's Magic Scroll Emporium.
 20144 | Orc:2    | 20144 ||| BUYING 3 scrolls of teleportation (108 gold).
 20144 | Orc:2    | Bought 3 scrolls of teleportation for 108 gold pieces
 20144 | Orc:2    | 20144 ||| BUYING scroll of identify (24 gold).
 20144 | Orc:2    | Bought a scroll of identify for 24 gold pieces
 20178 | Orc:2    | Found Ymeulut's Distillery.
 20186 | Orc:2    | Found Lomef Piq's Antique Armour Shoppe.
 20189 | Orc:2    | 20189 ||| BUYING potion of curing (48 gold).
 20189 | Orc:2    | Bought a potion of curing for 48 gold pieces
 20189 | Orc:2    | 20189 ||| BUYING potion of curing (48 gold).
 20189 | Orc:2    | Bought a potion of curing for 48 gold pieces
 20189 | Orc:2    | 20189 ||| BUYING potion of curing (48 gold).
 20189 | Orc:2    | Bought a potion of curing for 48 gold pieces
 20189 | Orc:2    | 20189 ||| BUYING potion of haste (160 gold).
 20189 | Orc:2    | Bought a potion of haste for 160 gold pieces
 20189 | Orc:2    | 20189 ||| BUYING potion of haste (160 gold).
 20189 | Orc:2    | Bought a potion of haste for 160 gold pieces
 20189 | Orc:2    | 20189 ||| BUYING potion of heal wounds (80 gold).
 20189 | Orc:2    | Bought a potion of heal wounds for 80 gold pieces
 20205 | Orc:2    | 20205 ||| SHOPLISTING pair of embroidered gloves (225 gold,
                  | have 180).
 20205 | Orc:2    | 20205 ||| SHOPLISTING shiny ring mail (210 gold, have 180).
 20361 | Orc:2    | 20361 ||| PLANNING SNAKE:1-3
 20361 | Orc:2    | 20361 ||| DROPPING ring of willpower.
 20365 | Orc:2    | 20365 ||| DROPPING +6 ring of strength.
 20397 | Orc:2    | 20397 ||| UPGRADING to ring "Mothaez" {rElec rC+ SInv}.
 20400 | Orc:2    | 20400 ||| DROPPING ring of see invisible.
 20401 | Orc:2    | 20401 ||| UPGRADING to ring of poison resistance.
 20403 | Orc:2    | 20403 ||| DROPPING ring of poison resistance.
 20404 | Orc:2    | 20404 ||| UPGRADING to ring of the Solstice {Fly Dex+5}.
 20624 | Snake:1  | Entered Level 1 of the Snake Pit
 21006 | Snake:1  | 21006 ||| INVOKING Finesse.
 21205 | Snake:1  | 21205 ||| RETREEEEATING.
 21206 | Snake:1  | 21206 ||| RETREEEEATING.
 21427 | Snake:1  | Reached skill level 19 in Dodging
 21436 | Snake:1  | Reached skill level 12 in Fighting
 21439 | Snake:1  | 21439 ||| RETREEEEATING.
 21441 | Snake:1  | 21441 ||| RETREEEEATING.
 21442 | Snake:1  | 21442 ||| RETREEEEATING.
 21443 | Snake:1  | 21443 ||| RETREEEEATING.
 21454 | Snake:1  | 21454 ||| ZAPPING wand of acid (3) at -1,2 (naga ritualist;
                  | floor).
 21455 | Snake:1  | 21455 ||| ZAPPING wand of acid (2) at -1,2 (naga ritualist;
                  | floor).
 21456 | Snake:1  | 21456 ||| INVOKING Finesse.
 21456 | Snake:1  | HP: 24/96 [poisoned by a naga ritualist (toxic radiance)]
 21457 | Snake:1  | 21457 ||| READING 11 scrolls of teleportation.
 21458 | Snake:1  | 21458 ||| DRINKING 5 potions of heal wounds.
 21461 | Snake:1  | HP: 24/96 [poisoned by a naga ritualist (splash of poison)]
 21466 | Snake:1  | HP: 16/96 [poisoned by a naga ritualist (splash of poison)]
 21867 | Snake:1  | 21867 ||| INVOKING Finesse.
 21959 | Snake:1  | Noticed a nagaraja
 21960 | Snake:1  | 21960 ||| INVOKING Finesse.
 21971 | Snake:1  | Killed a nagaraja
 21972 | Snake:1  | HP: 24/96 [poisoned by a nagaraja (bolt of poison)]
 21973 | Snake:1  | 21973 ||| READING 10 scrolls of teleportation.
 21974 | Snake:1  | 21974 ||| DRINKING 4 potions of heal wounds.
 22275 | Snake:1  | Received a gift from Okawaru
 22441 | Snake:1  | 22441 ||| READING 7 scrolls of identify.
 22441 | Snake:1  | 22441 ||| IDENTIFYING scroll labelled SOECHY KAIGIZOA
 22442 | Snake:1  | 22442 ||| DROPPING scroll of silence.
 22493 | Snake:2  | 22493 ||| INVOKING Finesse.
 22494 | Snake:2  | 22494 ||| STAIRDANCE
 22521 | Snake:2  | 22521 ||| STAIRDANCE
 22532 | Snake:2  | 22532 ||| STAIRDANCE
 22537 | Snake:1  | Reached skill level 20 in Dodging
 22540 | Snake:2  | 22540 ||| INVOKING Finesse.
 22557 | Snake:2  | Reached XP level 16. HP: 62/101 MP: 21/25
 22767 | Snake:2  | Identified the +5 falchion of the Smoking Shark {flame,
                  | Str+3 Int-4 Dex+5}
 22768 | Snake:2  | 22768 ||| RETREEEEATING.
 22769 | Snake:2  | 22769 ||| RETREEEEATING.
 22771 | Snake:2  | 22771 ||| RETREEEEATING.
 22772 | Snake:2  | 22772 ||| RETREEEEATING.
 22773 | Snake:2  | 22773 ||| RETREEEEATING.
 22774 | Snake:2  | 22774 ||| RETREEEEATING.
 22778 | Snake:2  | 22778 ||| RETREEEEATING.
 22836 | Snake:2  | 22836 ||| INVOKING Finesse.
 22984 | Snake:1  | 22984 ||| RETREEEEATING.
 22987 | Snake:1  | 22987 ||| INVOKING Finesse.
 22997 | Snake:1  | Received a gift from Okawaru
 23131 | Snake:1  | 23131 ||| RETREEEEATING.
 23132 | Snake:1  | 23132 ||| RETREEEEATING.
 23133 | Snake:1  | 23133 ||| RETREEEEATING.
 23134 | Snake:1  | 23134 ||| RETREEEEATING.
 23135 | Snake:1  | 23135 ||| RETREEEEATING.
 23136 | Snake:1  | 23136 ||| RETREEEEATING.
 23137 | Snake:1  | 23137 ||| RETREEEEATING.
 23138 | Snake:1  | 23138 ||| RETREEEEATING.
 23139 | Snake:1  | 23139 ||| RETREEEEATING.
 23140 | Snake:1  | 23140 ||| RETREEEEATING.
 23141 | Snake:1  | 23141 ||| RETREEEEATING.
 23142 | Snake:1  | 23142 ||| RETREEEEATING.
 23143 | Snake:1  | 23143 ||| INVOKING Finesse.
 23177 | Snake:1  | Reached skill level 21 in Dodging
 23484 | Snake:2  | 23484 ||| INVOKING Finesse.
 23492 | Snake:2  | Received a gift from Okawaru
 23747 | Snake:2  | 23747 ||| DROPPING ring of resist corrosion.
 23771 | Snake:3  | Noticed Donald
 23774 | Snake:3  | 23774 ||| ZAPPING wand of acid (1) at -5,5 (Donald; floor).
 23775 | Snake:3  | 23775 ||| STAIRDANCE
 23814 | Snake:3  | 23814 ||| STAIRDANCE
 23816 | Snake:2  | 23816 ||| INVOKING Finesse.
 23825 | Snake:2  | Killed Donald
 24304 | Snake:3  | Noticed Louise
 24323 | Snake:3  | Killed Louise
 24413 | Snake:3  | 24413 ||| INVOKING Finesse.
 24518 | Snake:3  | 24518 ||| RETREEEEATING.
 24519 | Snake:3  | Noticed Vashnia
 24521 | Snake:3  | 24521 ||| RETREEEEATING.
 24530 | Snake:3  | 24530 ||| INVOKING Finesse.
 24540 | Snake:3  | Killed Vashnia
 24541 | Snake:3  | Reached skill level 9 in Armour
 24542 | Snake:3  | Received a gift from Okawaru
 24857 | Snake:3  | 24857 ||| INVOKING Finesse.
 25077 | Snake:3  | 25077 ||| PLANNING SHOALS:1-3
 25180 | Shoals:1 | Entered Level 1 of the Shoals
 25265 | Shoals:1 | Found Ajukhl Sueri's Antique Armour Boutique.
 25332 | Shoals:1 | 25332 ||| BUYING pair of glowing gloves (270 gold).
 25332 | Shoals:1 | Bought a pair of glowing gloves for 270 gold pieces
 25332 | Shoals:1 | 25332 ||| SHOPLISTING quicksilver dragon scales (2160 gold,
                  | have 248).
 26082 | Shoals:1 | 26082 ||| RETREEEEATING.
 26089 | Shoals:1 | HP: 24/104 [merfolk javelineer/silver javelin (13)]
 26090 | Shoals:1 | 26090 ||| READING 9 scrolls of teleportation.
 26090 | Shoals:1 | HP: 3/104 [merfolk javelineer/silver javelin (16)]
 26090 | Shoals:1 | Hit by a silver javelin thrown by a merfolk javelineer

Levels and vault maps discovered:
D:1:      lightli_arrival_boilingwater, layout_loops_ring, minmay_pentomino_w4
D:2:      minmay_razor_zed, layout_basic
D:3:      layout_loops_ring
D:4:      layout_gridville, minmay_temple_entry_ruins, corner_web_ring,
          roderic_serpentine_path
D:5:      layout_cave_pools, minmay_fountain_box
D:6:      layout_loops_cross, hellmonk_ghost_happy_afterlife,
          nicolae_ossuary_entry_plus, uniq_pikel
D:7:      nicolae_cairo_tiling, layout_basic, serial_curves, eino_curves_02,
          eino_curves_03, uniq_jeremiah
D:8:      layout_rooms, serial_shops, nicolae_shop_rolling_square,
          kennysheep_nondescript, sword_in_stone, uniq_grum, uniq_maurice
D:9:      layout_basic, mainiacjoe_overflow_catwalk_spiral,
          mainiacjoe_overflow_concentric_impassable, david_lair_generic,
          zombieorc2_lemuel
D:10:     layout_basic, minmay_librarian, uniq_nergalle
D:11:     layout_loops_ring, serial_ice, serial_ice_b, serial_ice_o,
          serial_ice_d, serial_ice_h, serial_ice_m, serial_ice_j,
          minmay_unpleasant_kobolds
D:12:     layout_basic
D:13:     layout_cave_pools, nzn_ghost_randoct, hellmonk_sif_muna_bookshelves
D:14:     layout_rooms, hellmonk_vaults_keyhole, serial_park_avenue1
D:15:     hellmonk_depths_entry_around_the_bend, layout_irregular_city
Temple:   nicolae_temple_bog_church
Lair:1:   layout_cave_pods, serial_bayou_shore_a, serial_bayou_shore_b,
          serial_bayou_shore_b
Lair:2:   layout_chaotic_city, minmay_shoals_entry_centaurs,
          alex1729_snake_entry_snake, gauntlet_entry_generic,
          gammafunk_ghost_hydra_chop
Lair:3:   nzn_winding_woodlands_three_and_one
          [nzn_winding_woodlands_5x15_default,
          nzn_winding_woodlands_5x15_sawtooth, nzn_winding_woodlands_5x15_pool,
          nzn_winding_woodlands_center_diamonds], layout_cave_pods,
          disabler_island, uniq_snorg, uniq_gastronok
Lair:4:   pond_and_an_island_with_a_cottage, layout_gridlike,
          dpeg_slime_entry_corner, maelrawn_ghost_gauntlet_escape
Lair:5:   evilmike_catoblepas_cave, layout_long_grid,
          infiniplex_staircase_pool_2
Shoals:1: layout_shoals, serial_shops, shop,
          portal_ice_cave_entry_frozen_things, st_sunken_temple
Snake:1:  nicolae_snake_attic_fulla_snakes, layout_gridlike,
          nicolae_snake_gridmaze_swirls, nicolae_snake_scaly_snakehead
Snake:2:  layout_onion_interference
Snake:3:  layout_misc_corridors, uniq_louise, uniq_vashnia, uniq_donald
Orc:1:    layout_diamond_mine, uniq_jorgrun
Orc:2:    kennysheep_orc_mage_school, layout_caves, nicolae_shop_vocational

Skill      XL: |  1  2  3  4  5  6  7  8  9 10 11 12 13 14 15 16 |
---------------+-------------------------------------------------+-----
Ranged Weapons | 6 7 8 9 18 20 | 20.0
Fighting       | 2 3 4 5 7 9 10 11 12 13 | 13.0
Armour         | 1 2 3 5 6 7 9 |  9.1
Dodging        | 3 4 7 8 10 12 14 17 20 21 | 21.8
Invocations    | 2 4 6 10 | 10.0
Stealth        | |  1.2

Action                     |  1- 3 |  4- 6 |  7- 9 | 10-12 | 13-15 | 16-18 || total
---------------------------+-------+-------+-------+-------+-------+-------++-------
   Fire: Shortbow          |   114 |   180 |       |       |       |       ||   294
         Orcbow            |       |       |   207 |   657 |    49 |       ||   913
         Longbow           |       |       |       |       |  1012 |   411 ||  1423
 Invoke: Heroism           |       |       |     6 |       |     1 |       ||     7
         Finesse           |       |       |       |     9 |    11 |     8 ||    28
         Receive Weapon    |       |       |       |       |     1 |       ||     1
         Receive Armour    |       |       |       |       |     1 |       ||     1
  Evoke: Wand              |       |       |       |       |    10 |     1 ||    11
    Use: Scroll            |     3 |    12 |     7 |     8 |    12 |     1 ||    43
         Potion            |       |     1 |     5 |     1 |     3 |       ||    10
 Armour: Leather armour    |    20 |       |       |       |       |       ||    20
         Ring mail         |     8 |    44 |    67 |   151 |   233 |   117 ||   620
  Dodge: Dodged            |    35 |    37 |    42 |   163 |   566 |   265 ||  1108

Table legend:
 A = Non-vault XP
 B = Vault XP
 C = Vault XP percentage of total XP
 D = Non-vault monster count
 E = Vault monster count
 F = Vault count percentage of total count
                 A         B        C        D         E       F
            +---------+---------+-------+---------+---------+-------
      Total |  131549 |   82955 |  38.7 |     544 |     277 |  33.7
            +---------+---------+-------+---------+---------+-------
        D:1 |      48 |      16 |  25.0 |      29 |       9 |  23.7
        D:2 |      49 |      28 |  36.4 |      14 |      13 |  48.1
        D:3 |     170 |       0 |   0.0 |      30 |       0 |   0.0
        D:4 |     164 |       0 |   0.0 |      18 |       0 |   0.0
        D:5 |     180 |       0 |   0.0 |       6 |       0 |   0.0
        D:6 |     864 |     641 |  42.6 |      11 |       1 |   8.3
        D:7 |     874 |     400 |  31.4 |      17 |       1 |   5.6
        D:8 |    1479 |    1455 |  49.6 |      17 |       8 |  32.0
        D:9 |    3496 |    2008 |  36.5 |      27 |      40 |  59.7
       D:10 |    1280 |    1151 |  47.3 |       6 |       2 |  25.0
       D:11 |    2118 |    2542 |  54.5 |      16 |      19 |  54.3
       D:12 |    5269 |       0 |   0.0 |      21 |       0 |   0.0
       D:13 |    4090 |       0 |   0.0 |      18 |       0 |   0.0
       D:14 |   11735 |    3247 |  21.7 |      23 |       5 |  17.9
       D:15 |   11264 |    2921 |  20.6 |      21 |       5 |  19.2
     Lair:1 |    4452 |       0 |   0.0 |      20 |       0 |   0.0
     Lair:2 |    8563 |    1310 |  13.3 |      27 |       7 |  20.6
     Lair:3 |    6323 |    6118 |  49.2 |      24 |      16 |  40.0
     Lair:4 |    4234 |     968 |  18.6 |      19 |       5 |  20.8
     Lair:5 |   11418 |   10892 |  48.8 |      39 |      23 |  37.1
   Shoals:1 |    8728 |    3356 |  27.8 |      18 |       6 |  25.0
    Snake:1 |    7068 |   28706 |  80.2 |      16 |      46 |  74.2
    Snake:2 |   16969 |    1385 |   7.5 |      41 |       1 |   2.4
    Snake:3 |   15399 |    6432 |  29.5 |      30 |       5 |  14.3
      Orc:1 |    2623 |    1722 |  39.6 |      18 |       1 |   5.3
      Orc:2 |    2692 |    7630 |  73.9 |      18 |      37 |  67.3
    Ossuary |       0 |      27 | 100.0 |       0 |      27 | 100.0
            +---------+---------+-------+---------+---------+-------
